 Dungeon Crawl Stone Soup version 0.24-a0-115-gd155597332 (webtiles) character file.

Game seed: 0

122321 coldbreeze the Severer (level 16, 166/172 HPs)
             Began as a Minotaur Berserker on Feb 16, 2019.
             Was a High Priest of Trog.
             Quit the game on level 6 of the Lair of Beasts on Jan 13, 2020.
             The game lasted 01:24:52 (11718 turns).

coldbreeze the Severer (Minotaur Berserker)        Turns: 11718, Time: 01:24:52

Health: 166/172    AC: 25    Str: 22    XL:     16   Next: 4%
Magic:  20/20      EV: 17    Int:  4    God:    Trog [*****.]
Gold:   1439       SH:  0    Dex: 17    Spells: 15/15 levels left

rFire    . . .     SeeInvis .   a - +9 battleaxe (flame)
rCold    . . .     Gourm    .   (shield currently unavailable)
rNeg     + . .     Faith    +   F - +4 pearl dragon scales
rPois    +         Spirit   .   (helmet restricted)
rElec    .         Reflect  .   L - +2 cloak
rCorr    .         Harm     .   y - +0 pair of gloves
MR       +++..                  (no boots)
Stlth    ..........             G - amulet of faith
HPRegen  1.38/turn              f - +1 ring of slaying
MPRegen  0.17/turn              r - ring of poison resistance

@: regenerating, studying Bows
A: retaliatory headbutt, horns 2, robust 1, MP-powered wands
}: 1/15 runes: gossamer
a: Berserk, Trog's Hand, Brothers in Arms, Renounce Religion


You were on level 6 of the Lair of Beasts.
You worshipped Trog.
Trog was extremely pleased with you.
You were hungry.

You visited 5 branches of the dungeon, and saw 24 of its levels.
You also visited: Gauntlet and Volcano.

You collected 2329 gold pieces.
You spent 890 gold pieces at shops.

Inventory:

Hand Weapons
 a - a +9 battleaxe of flaming (weapon)
 b - a +3 antimagic executioner's axe
Armour
 u - a scarf of repulsion
 y - a +0 pair of gloves (worn)
 F - +4 pearl dragon scales (worn)
 L - a +2 cloak (worn)
Jewellery
 f - a +1 ring of slaying (left hand)
 r - a ring of poison resistance (right hand)
 x - an uncursed ring of ice
 B - an uncursed ring of see invisible
 C - an uncursed ring of protection from fire
 G - an amulet of faith (around neck)
Wands
 g - a wand of digging (3)
 q - a wand of random effects (12)
 t - a wand of iceblast (18)
 v - a wand of polymorph (5)
 J - a wand of scattershot (8)
 M - a wand of enslavement (18)
Scrolls
 d - 2 scrolls of summoning
 i - 3 scrolls of fear
 l - 9 scrolls of teleportation
 s - 6 scrolls of remove curse
 z - 4 scrolls of identify
 K - 2 scrolls of fog
 N - a scroll of brand weapon
 Q - 3 scrolls of silence
 R - a scroll of magic mapping
 S - 4 scrolls of immolation
 U - a scroll of holy word
Potions
 h - 2 potions of curing
 j - 3 potions of haste
 k - 3 potions of brilliance
 m - 2 potions of berserk rage
 o - a potion of magic
 p - 3 potions of agility
 A - a potion of might
 E - 2 potions of invisibility
 O - a potion of cancellation
 T - a potion of mutation
 V - 3 potions of ambrosia
 X - a potion of heal wounds
Books
 P - a manual of Bows
Miscellaneous
 e - a lightning rod (4/4)
 D - a lamp of fire
Comestibles
 c - 17 rations


   Skills:
 - Level 18.0 Fighting
 - Level 20.0 Axes
 - Level 14.0 Armour
 + Level 10.6 Dodging
 - Level 7.0 Evocations


You had 15 spell levels left.
You didn't know any spells.
Your spell library was empty.

Dungeon Overview and Level Annotations

Branches:
Dungeon (11/15)            Temple (1/1) D:5            Lair (6/6) D:10
 Shoals (0/4) Lair:4       Spider (4/4) Lair:3        Slime (0/5) Lair:6
    Orc (2/2) D:10            Elf (0/3) Orc:2

Altars:
Ashenzari
Cheibriados
Dithmenos
Elyvilon
Fedhas
Gozag
Hepliaklqana
Kikubaaqudgha
Makhleb
Nemelex Xobeh
Okawaru
Qazlal
Ru
Sif Muna
Trog
Vehumet
Wu Jian
Xom
Yredelemnul
The Shining One
Jiyva

Shops:
D:10 ?   Orc:2 (![}

Annotations:
D:7 Menkaure
D:8 exclusion: oklob plant
Spider:3 Nikola
Abyss:1 Erolcha


Innate Abilities, Weirdness & Mutations

You reflexively headbutt those who attack you in melee.
You have a pair of horns on your head.
You are robust. (+10% HP)
You expend magic power (3 MP) to strengthen your wands.


Message History

Trog accepts your kill.
Unknown command.
No target in view!
No target in view!
Found a scroll labeled FIRGHA VOAZAEJ.
Found a scroll labeled FIRGHA VOAZAEJ.
You see here a scroll labeled FIRGHA VOAZAEJ.
d - a scroll labeled FIRGHA VOAZAEJ You see here a scroll labeled FIRGHA VOAZAEJ.
d - 2 scrolls labeled FIRGHA VOAZAEJ (gained 1)
As you read the scroll of identify, it crumbles to dust.
d - 2 scrolls of summoning Drop what? 46/52 slots (_ for help) (? for menu, Esc to quit)
You drop a scroll of random uselessness.
You feel the effects of Trog's Hand fading.
Saving game... please wait.
Welcome back, coldbreeze the Minotaur Berserker.
Trog says: Kill them all!
Press ? for a list of commands and other information.
Are you sure you want to abandon this character and quit the game? (Confirm with "yes".)

##... #.... #####
#### ###.P## ######
##.....###...P####
##......†....8...P#
#....##††...8....#
###@###.†8....8.###
### ##..8.8.....#
##.....##..##
#....####..# ##..##
##.. ##.. ##† ..##
#P† ...# ##. ##. #.


There were no monsters in sight!

Vanquished Creatures
  Asterion (Spider:2)
  2 orc warlords
  4 ghost moths
  6 emperor scorpions (Spider:4)
  A stone giant (Orc:1)
  4 entropy weavers
  The ghost of domsik the Severer, a journeyman GrBe of Trog (Lair:6)
  A dire elephant (Gauntlet)
  A minotaur (Gauntlet)
  Snorg (Lair:5)
  3 catoblepae
  4 hydras
  A two-headed ogre (D:11)
  2 death yaks (Lair:6)
  An orc high priest (Orc:2)
  An unseen horror (D:11)
  17 wolf spiders
  4 orc knights (Orc:2)
  6 orb spiders
  Pikel (D:6)
  3 orc sorcerers (Orc:2)
  An ugly thing (D:11)
  2 moths of wrath (Spider:1)
  2 manticores
  A merfolk siren (Lair:4)
  6 elephants
  A guardian serpent (Spider:4)
  10 spiny frogs
  3 torpor snails
  A rime drake (Lair:4)
  A centaur skeleton (D:11)
  A gargoyle (D:11)
  2 komodo dragons
  2 kobold demonologists (D:11)
  9 demonic crawlers
  23 jumping spiders
  A queen bee (Gauntlet)
  14 hornets
  A polar bear (Lair:4)
  A troll (Orc:2)
  Grinder (D:6)
  11 tyrant leeches (Spider:1)
  4 blink frogs (Lair:4)
  3 hippogriffs
  7 dream sheep (Lair:6)
  78 redbacks
  29 tarantellas
  A wraith (D:10)
  A hog (Lair:1)
  A basilisk (Lair:2)
  32 yaks
  3 wargs
  3 hungry ghosts
  Edmund (D:5)
  7 swamp worms
  10 water moccasins
  Duvessa (D:7)
  4 porcupines
  An ice beast (D:10)
  A sky beast (D:8)
  21 orc warriors
  A phantom (D:10)
  2 black bears
  A slave (D:6)
  16 wolves
  9 ogres
  6 centaurs
  3 big kobolds
  6 crocodiles
  9 bullfrogs
  Dowan (D:7)
  4 scorpions
  3 troll zombies (D:10)
  20 killer bees
  3 wights (D:6)
  4 howler monkeys
  2 electric eels
  5 crimson imps
  A centaur zombie (D:11)
  7 hounds
  Crazy Yiuf (D:4)
  13 orc priests
  28 orc wizards
  2 iguanas
  5 hell rats (Lair:6)
  12 worker ants
  5 ogre zombies (D:10)
  2 hound skeletons
  A worker ant zombie (D:7)
  Robin (D:3)
  4 gnolls (D:5)
  4 adders
  A shadow imp (D:6)
  3 adder zombies
  5 worms
  A dart slug (D:4)
  8 leopard geckos
  79 orcs
  6 giant cockroaches
  11 hobgoblins
  6 jackals
  7 quokkas
  A ball python (D:2)
  8 bats
  4 frilled lizards
  18 goblins
  2 goblin skeletons (D:10)
  2 goblin zombies (D:10)
  3 hobgoblin skeletons (D:10)
  A hobgoblin zombie (D:10)
  16 kobolds
  A leopard gecko skeleton (D:7)
  3 orc skeletons (D:10)
  14 orc zombies (D:10)
  10 rats
  6 fungi
  4 plants
768 creatures vanquished.

Vanquished Creatures (collateral kills)
  Frances (Spider:1)
  An emperor scorpion (Spider:4)
  A hydra (D:10)
  The ghost of petercordia3 the Thaumaturge, a journeyman DEWz of Ashenzari (D:10)
  An orb spider (Spider:4)
  A wolf spider (Spider:4)
  A redback (Spider:1)
  3 yaks (D:10)
  3 killer bees (D:10)
  A jelly (D:10)
  An orc (D:10)
  A jackal (D:10)
16 creatures vanquished.

Vanquished Creatures (others)
  2 orc high priests (Orc:2)
  An orc sorcerer (Orc:2)
  A yak (D:11)
  A hungry ghost (D:11)
  An orc warrior (Orc:2)
  A killer bee (D:11)
  An orc wizard (Orc:2)
  A fungus (Lair:4)
  3 plants (Spider:1)
12 creatures vanquished.

Grand Total: 796 creatures vanquished

Notes
Turn   | Place    | Note
-------+----------+-------------------------------------------
     0 | D:1      | coldbreeze the Minotaur Berserker began the quest for the
                  | Orb.
     0 | D:1      | Reached XP level 1. HP: 19/19 MP: 0/0
    29 | D:1      | Reached XP level 2. HP: 17/27 MP: 1/1
    31 | D:1      | Reached skill level 4 in Axes
   168 | D:1      | Reached ** piety under Trog
   234 | D:2      | Reached XP level 3. HP: 30/33 MP: 2/2
   679 | D:3      | Reached skill level 5 in Axes
   683 | D:3      | Reached XP level 4. HP: 34/41 MP: 3/3
   721 | D:3      | Noticed Robin
   737 | D:3      | Killed Robin
   845 | D:4      | Reached skill level 5 in Fighting
   845 | D:4      | Reached XP level 5. HP: 48/48 MP: 4/4
   846 | D:4      | Reached skill level 6 in Axes
   900 | D:4      | Found a runed translucent door.
   901 | D:4      | Noticed Crazy Yiuf
   911 | D:4      | Killed Crazy Yiuf
   972 | D:4      | Reached *** piety under Trog
  1002 | D:4      | Reached XP level 6. HP: 38/56 MP: 5/5
  1053 | D:4      | Reached skill level 7 in Axes
  1219 | D:4      | Reached skill level 8 in Axes
  1260 | D:5      | Entered Level 5 of the Dungeon
  1295 | D:5      | Reached XP level 7. HP: 63/63 MP: 6/6
  1405 | D:5      | Noticed Edmund
  1421 | D:5      | Killed Edmund
  1585 | D:5      | Found a staircase to the Ecumenical Temple.
  1620 | Temple   | Entered the Ecumenical Temple
  1813 | D:5      | Reached XP level 8. HP: 75/75 MP: 7/7
  1948 | D:6      | Reached skill level 9 in Axes
  2049 | D:6      | Noticed Grinder
  2065 | D:6      | Killed Grinder
  2065 | D:6      | Reached **** piety under Trog
  2065 | D:6      | Reached skill level 10 in Axes
  2080 | D:6      | Reached skill level 11 in Axes
  2151 | D:6      | Noticed Pikel
  2158 | D:6      | Killed Pikel
  2158 | D:6      | Reached skill level 12 in Axes
  2158 | D:6      | Reached XP level 9. HP: 83/83 MP: 8/8
  2167 | D:6      | Found a burning altar of Makhleb.
  2407 | D:7      | Reached skill level 5 in Armour
  2464 | D:7      | Noticed Duvessa
  2464 | D:7      | Noticed Dowan
  2468 | D:7      | Killed Dowan
  2472 | D:7      | Killed Duvessa
  2580 | D:7      | Noticed a five-headed hydra
  2581 | D:7      | Noticed Menkaure
  2682 | D:8      | Reached skill level 5 in Dodging
  2696 | D:8      | Found a blossoming altar of Fedhas.
  2708 | D:8      | Noticed an oklob plant
  2956 | D:9      | Reached skill level 1 in Evocations
  3200 | D:10     | Entered Level 10 of the Dungeon
  3240 | D:10     | Found a staircase to the Orcish Mines.
  3266 | D:10     | Reached XP level 10. HP: 73/91 MP: 10/10
  3434 | D:10     | Reached ***** piety under Trog
  3468 | D:10     | Reached skill level 10 in Armour
  3520 | D:10     | Found Xeron's Magic Scroll Emporium.
  3539 | D:10     | Bought a scroll of remove curse for 48 gold pieces
  3539 | D:10     | Bought a scroll of teleportation for 48 gold pieces
  3539 | D:10     | Bought a scroll of identify for 32 gold pieces
  3539 | D:10     | Bought a scroll of teleportation for 48 gold pieces
  3539 | D:10     | Bought a scroll of fog for 32 gold pieces
  3562 | D:10     | Found a staircase to the Lair.
  3656 | D:10     | Found a runed translucent gate.
  3656 | D:10     | Found a runed translucent gate.
  3656 | D:10     | Found a runed translucent gate.
  3658 | D:10     | Noticed petercordia3's ghost (journeyman DEWz)
  3659 | D:10     | Noticed a 12-headed hydra
  3671 | D:10     | Killed a 12-headed hydra
  3674 | D:10     | Killed petercordia3's ghost
  3682 | D:10     | Got a slimy war axe
  3683 | D:10     | Identified the +9 war axe of Embarrassment {distort,
                  | *Corrode MP+9 Int+5 Stlth-} (You found it on level 10 of
                  | the Dungeon)
  3998 | D:11     | Noticed a gargoyle
  4004 | D:11     | Killed a gargoyle
  4025 | D:11     | Reached XP level 11. HP: 97/97 MP: 11/11
  4043 | D:11     | Noticed a green ugly thing
  4098 | D:11     | Noticed a two-headed ogre
  4100 | D:11     | Noticed a cyan ugly thing
  4108 | D:11     | Killed a two-headed ogre
  4115 | D:11     | Reached skill level 13 in Axes
  4143 | D:11     | Killed a cyan ugly thing
  4287 | D:11     | Noticed an unseen horror
  4314 | D:11     | Killed an unseen horror
  4314 | D:11     | Received a gift from Trog
  4314 | D:11     | Reached skill level 14 in Axes
  4481 | Orc:1    | Entered Level 1 of the Orcish Mines
  4528 | Orc:1    | Found a burning altar of Makhleb.
  4603 | Orc:1    | Noticed an orc warlord
  4752 | Orc:1    | Killed an orc warlord
  4752 | Orc:1    | Reached skill level 15 in Axes
  4847 | Orc:2    | Entered Level 2 of the Orcish Mines
  4847 | Orc:2    | Noticed an orc warlord
  4853 | Orc:2    | Killed an orc warlord
  4881 | Orc:2    | Noticed Erolcha
  4884 | Orc:2    | Reached skill level 16 in Axes
  4887 | Orc:2    | Banished Erolcha
  4887 | Orc:2    | Reached XP level 12. HP: 83/105 MP: 12/12
  4948 | Orc:1    | Noticed a stone giant
  4956 | Orc:1    | Killed a stone giant
  4956 | Orc:1    | Reached skill level 10 in Fighting
  5296 | Orc:2    | Found a staircase to the Elven Halls.
  5385 | Orc:2    | Found Rehesi's Weapon Shoppe.
  5393 | Orc:2    | Noticed an orc high priest
  5400 | Orc:2    | Noticed an orc high priest
  5400 | Orc:2    | Noticed an orc high priest
  5403 | Orc:2    | Gained mutation: You expend magic power (3 MP) to
                  | strengthen your wands. [a neqoxec]
  5405 | Orc:2    | Found Nyffejipn's Distillery.
  5552 | Orc:2    | Received a gift from Trog
  5559 | Orc:2    | Killed an orc high priest
  5586 | Orc:2    | Found Jyask's Armour Shop.
  5588 | Orc:2    | Found Arakeh's Gadget Shoppe.
  5721 | Orc:2    | Banished an orc high priest
  5749 | Orc:2    | Banished an orc high priest
  6212 | Orc:2    | Bought a +0 pair of gloves for 58 gold pieces
  6229 | Orc:2    | Bought a potion of might for 64 gold pieces
  6229 | Orc:2    | Bought a potion of curing for 48 gold pieces
  6229 | Orc:2    | Bought a potion of curing for 48 gold pieces
  6229 | Orc:2    | Bought a potion of haste for 160 gold pieces
  6229 | Orc:2    | Bought a potion of curing for 48 gold pieces
  6229 | Orc:2    | Bought a potion of invisibility for 128 gold pieces
  6233 | Orc:2    | Bought a potion of cancellation for 128 gold pieces
  6284 | Orc:2    | Gained mutation: Armour fits poorly on your strangely
                  | shaped body. [mutagenic glow]
  6338 | Lair:1   | Entered Level 1 of the Lair of Beasts
  6423 | Lair:1   | Found a dark tunnel.
  6428 | Volcano  | Entered a volcano
  6514 | Lair:1   | Noticed Sonja
  6518 | Lair:1   | Noticed Sonja
  6518 | Lair:1   | Sonja changed into Sonja the hog
  6522 | Lair:1   | Killed Sonja the hog
  6570 | Lair:1   | Lost mutation: You expend magic power (3 MP) to strengthen
                  | your wands. [potion of mutation]
  6570 | Lair:1   | Lost mutation: Armour fits poorly on your strangely shaped
                  | body. [potion of mutation]
  6570 | Lair:1   | Gained mutation: You are robust. (+10% HP) [potion of
                  | mutation]
  6570 | Lair:1   | Gained mutation: You expend magic power (3 MP) to
                  | strengthen your wands. [potion of mutation]
  6633 | Lair:1   | Found a gate leading to a gauntlet.
  6652 | Gauntlet | Entered a Gauntlet
  6652 | Gauntlet | Found a runed translucent gate.
  6652 | Gauntlet | Found a transporter.
  6652 | Gauntlet | Found a transporter.
  6652 | Gauntlet | Found a transporter.
  6656 | Gauntlet | Found a transporter.
  6656 | Gauntlet | Found a transporter.
  6657 | Gauntlet | Found a runed translucent gate.
  6658 | Gauntlet | Found a runed translucent gate.
  6659 | Gauntlet | Found a transporter.
  6665 | Gauntlet | Found a transporter.
  6667 | Gauntlet | Found a transporter.
  6668 | Gauntlet | Found a transporter.
  6670 | Gauntlet | Found a transporter.
  6678 | Gauntlet | Found a transporter.
  6679 | Gauntlet | Noticed a dire elephant
  6680 | Gauntlet | Found a transporter.
  6687 | Gauntlet | Noticed a ghost crab
  6814 | Gauntlet | Killed a dire elephant
  6814 | Gauntlet | Reached XP level 13. HP: 135/135 MP: 4/13
  6829 | Gauntlet | Got a vibrating brass amulet
  6830 | Gauntlet | Identified the amulet "Saaphoar" {Harm *Drain rC+ Dex+3}
                  | (You found it in a Gauntlet)
  6869 | Gauntlet | Noticed a minotaur
  6884 | Gauntlet | Killed a minotaur
  6892 | Gauntlet | Got a fine bardiche
  6892 | Gauntlet | Got an ancient ring mail
  6893 | Gauntlet | Identified the +9 bardiche "Qetweifu" {drain, *Noise +Fly
                  | rF+} (You found it in a Gauntlet)
  7527 | Lair:3   | Found a hole to the Spider Nest.
  7849 | Spider:1 | Entered Level 1 of the Spider Nest
  7849 | Spider:1 | Noticed an entropy weaver
  7850 | Spider:1 | an entropy weaver changed into something unseen
  7857 | Spider:1 | Reached skill level 17 in Axes
  7875 | Spider:1 | Killed a ghost moth
  7893 | Spider:1 | Noticed Frances
  7901 | Spider:1 | Killed Frances
  7930 | Spider:1 | Reached skill level 18 in Axes
  8498 | Spider:1 | Reached skill level 19 in Axes
  8543 | Spider:2 | Noticed Asterion
  8552 | Spider:2 | Killed Asterion
  8552 | Spider:2 | Reached XP level 14. HP: 113/145 MP: 14/14
  8732 | Spider:2 | Received a gift from Trog
  8789 | Spider:2 | Identified a scroll of acquirement
  8850 | Spider:2 | Noticed an entropy weaver
  8851 | Spider:2 | Noticed an entropy weaver
  8852 | Spider:2 | Received a gift from Trog
  8863 | Spider:2 | Killed an entropy weaver
  8868 | Spider:2 | Killed an entropy weaver
  8868 | Spider:2 | Reached skill level 20 in Axes
  9242 | Spider:3 | Noticed an entropy weaver
  9318 | Spider:2 | Reached skill level 15 in Fighting
  9377 | Spider:3 | Killed an entropy weaver
  9427 | Spider:3 | Noticed Nikola
  9484 | Spider:2 | Noticed an entropy weaver
  9492 | Spider:2 | Killed an entropy weaver
  9792 | Spider:4 | Entered Level 4 of the Spider Nest
  9801 | Spider:4 | Killed a ghost moth
  9829 | Spider:4 | Noticed an emperor scorpion
  9849 | Spider:4 | Killed an emperor scorpion
  9892 | Spider:4 | Noticed an emperor scorpion
  9922 | Spider:4 | Killed an emperor scorpion
  9938 | Spider:4 | Reached XP level 15. HP: 93/161 MP: 15/15
  9950 | Spider:4 | HP: 6/161 [wolf spider (5)]
 10412 | Spider:4 | Received a gift from Trog
 10588 | Spider:4 | Killed a ghost moth
 10656 | Spider:4 | Killed a ghost moth
 10659 | Spider:4 | Reached skill level 10 in Dodging
 10670 | Spider:4 | Got a gossamer rune of Zot
 11105 | Lair:4   | Received a gift from Trog
 11242 | Lair:4   | Found a staircase to the Shoals.
 11420 | Lair:5   | Noticed Snorg
 11427 | Lair:5   | Killed Snorg
 11427 | Lair:5   | Reached skill level 5 in Evocations
 11442 | Lair:6   | Entered Level 6 of the Lair of Beasts
 11461 | Lair:6   | Found a viscous altar of Jiyva.
 11461 | Lair:6   | Found a staircase to the Slime Pits.
 11533 | Lair:6   | Found a runed translucent door.
 11533 | Lair:6   | Noticed domsik's ghost (journeyman GrBe)
 11546 | Lair:6   | Got a clouded garnet amulet
 11547 | Lair:6   | Identified the amulet "Xicobaf" {Acrobat rElec Int-2 Dex+3}
                  | (You found it on level 6 of the Lair of Beasts)
 11564 | Lair:6   | Killed domsik's ghost
 11678 | Lair:6   | Reached XP level 16. HP: 155/172 MP: 18/20
 11718 | Lair:6   | Quit the game

Levels and vault maps discovered:
D:1:      scummos_arrival_star, layout_rooms
D:2:      layout_loops_ring, kennysheep_flooded_box, corner_web_ring
D:3:      layout_rooms, marbit_many_paths, uniq_robin
D:4:      layout_cave_pools, first_ration, uniq_crazy_yiuf_cottage
D:5:      layout_gridville, minmay_temple_entry_offerings, uniq_edmund
D:6:      layout_loops_corners, bloody_makhleb, uniq_pikel, uniq_grinder
D:7:      layout_basic, uniq_menkaure, uniq_duvessa
D:8:      layout_rooms, tgw_fedhas
D:9:      layout_cave_pools
D:10:     layout_cave_pools, dpeg_oklobed_lair, zombieorc2_lemuel,
          gammafunk_ghost_hydra_chop, serial_shops, shop
D:11:     layout_rooms
Temple:   compressed_dpeg_triangle_lava_temple
Lair:1:   layout_chaotic_city, nicolae_volcano_entry_lava_flow,
          gauntlet_entry_generic, grunt_megastairs_1,
          infiniplex_staircase_pool_2, uniq_sonja
Lair:2:   layout_roguey, st_stairs_10
Lair:3:   layout_chaotic_city, spider_nest_entry_webs
Lair:4:   layout_concentric_octagons, elwin_shoals_entry_rooms,
          grunt_megastairs_3
Lair:5:   layout_loops_ring, gammafunk_ghost_grave, infiniplex_staircase_pool,
          uniq_snorg
Lair:6:   evilmike_catoblepas_cave, layout_hall_layers, slime_altar_1,
          ebering_ghost_inner_flame
Spider:1: layout_spider_delve, drop_trap, worms_lemuel, uniq_frances
Spider:2: layout_chambers, hive_lemuel, nicolae_spider_cling_ruins,
          uniq_asterion
Spider:3: layout_spider_delve, uniq_nikola
Spider:4: grunt_spider_rune_circles, guppyfry_spider_mini_2
Orc:1:    nicolae_orc_accident_3, layout_caves, basic_altar,
          nicolae_orc_stony_grotto
Orc:2:    st_orc_elflike, layout_caves, uniq_erolcha
Volcano:  volcano_grotto [vgs_original]
Gauntlet: minmay_gauntlet_mixed_big_or_small [nicolae_gauntlet_arena_x,
          minmay_gauntlet_arena_77_run_for_it, nicolae_gauntlet_arena_t_cross,
          minmay_gauntlet_arena_77_tiled_triplets,
          nicolae_gauntlet_arena_grate_2, minmay_gauntlet_arena_77_squiggly,
          gauntlet_exit_spiral]

Skill      XL: |  1  2  3  4  5  6  7  8  9 10 11 12 13 14 15 |
---------------+----------------------------------------------+-----
Axes           | 4 5 6 8 12 16 19 20 | 20.0
Fighting       | 4 5 6 8 9 13 14 17 18 | 18.0
Armour         | 7 12 14 | 14.0
Dodging        | 6 8 9 10 | 10.6
Evocations     | 1 7 |  7.0

Action                   |  1- 3 |  4- 6 |  7- 9 | 10-12 | 13-15 | 16-18 || total
-------------------------+-------+-------+-------+-------+-------+-------++-------
Melee: Hand axe          |    86 |    95 |    18 |       |       |       ||   199
       Headbutt          |    10 |    16 |    58 |    95 |   144 |     3 ||   326
       Whip              |       |       |    91 |   136 |       |       ||   227
       War axe           |       |       |   136 |   258 |       |       ||   394
       Flail             |       |       |     1 |       |       |       ||     1
       Battleaxe         |       |       |       |    46 |   711 |    12 ||   769
Throw: Stone             |     5 |       |       |       |       |       ||     5
Invok: Berserk           |     2 |     5 |     2 |     7 |    13 |       ||    29
       Trog's Hand       |     2 |     4 |    10 |    21 |    31 |     1 ||    69
       Brothers in Arms  |       |       |       |     5 |     6 |       ||    11
Evoke: Lightning rod     |       |       |       |     1 |       |       ||     1
       Wand              |       |       |       |     5 |    10 |       ||    15
  Use: Scroll            |       |     6 |    11 |     8 |    17 |     1 ||    43
       Potion            |       |       |       |     4 |     7 |       ||    11
 Stab: Distracted        |       |       |       |       |     1 |       ||     1
  Eat: Chunk             |     2 |     7 |     4 |    16 |    26 |       ||    55
       Ration            |       |       |     3 |     5 |     5 |       ||    13
Armor: Animal skin       |     9 |       |       |       |       |       ||     9
       Leather armour    |    24 |     1 |       |       |       |       ||    25
       Ring mail         |       |     2 |       |       |       |       ||     2
       Scale mail        |       |    22 |    69 |       |       |       ||    91
       Chain mail        |       |       |    26 |   142 |       |       ||   168
       Plate armour      |       |       |       |    33 |     6 |       ||    39
       Pearl dragon scal |       |       |       |       |   476 |     2 ||   478
Dodge: Dodged            |    61 |    55 |   132 |   225 |   558 |     5 ||  1036

Table legend:
 A = Non-vault XP
 B = Vault XP
 C = Vault XP percentage of total XP
 D = Non-vault monster count
 E = Vault monster count
 F = Vault count percentage of total count
                 A         B        C        D         E       F
            +---------+---------+-------+---------+---------+-------
      Total |   93409 |   62765 |  40.2 |     572 |     210 |  26.9
            +---------+---------+-------+---------+---------+-------
        D:1 |      31 |       0 |   0.0 |      23 |       0 |   0.0
        D:2 |      36 |       0 |   0.0 |      15 |       0 |   0.0
        D:3 |      89 |      36 |  28.8 |      23 |      13 |  36.1
        D:4 |     452 |      41 |   8.3 |      22 |       1 |   4.3
        D:5 |     730 |     158 |  17.8 |      35 |       1 |   2.8
        D:6 |     873 |     849 |  49.3 |      14 |       2 |  12.5
        D:7 |     857 |     217 |  20.2 |      24 |       2 |   7.7
        D:8 |     512 |       0 |   0.0 |       8 |       0 |   0.0
        D:9 |     299 |       0 |   0.0 |       9 |       0 |   0.0
       D:10 |    2853 |    1802 |  38.7 |      49 |      38 |  43.7
       D:11 |    6402 |       0 |   0.0 |      45 |       0 |   0.0
     Lair:1 |    1493 |     899 |  37.6 |       7 |       4 |  36.4
     Lair:2 |    1842 |     236 |  11.4 |       8 |       2 |  20.0
     Lair:3 |    4562 |     665 |  12.7 |      24 |       3 |  11.1
     Lair:4 |    8313 |     863 |   9.4 |      27 |       3 |  10.0
     Lair:5 |    1120 |    1101 |  49.6 |       2 |       1 |  33.3
     Lair:6 |    4913 |    8500 |  63.4 |      24 |      17 |  41.5
   Spider:1 |    8592 |    7659 |  47.1 |      29 |      20 |  40.8
   Spider:2 |   16534 |    5305 |  24.3 |      44 |      17 |  27.9
   Spider:3 |    6890 |       0 |   0.0 |      18 |       0 |   0.0
   Spider:4 |   17064 |   21936 |  56.2 |      49 |      43 |  46.7
      Orc:1 |    4736 |     156 |   3.2 |      31 |       6 |  16.2
      Orc:2 |    4216 |    8349 |  66.4 |      42 |      25 |  37.3
   Gauntlet |       0 |    3993 | 100.0 |       0 |      12 | 100.0
            +---------+---------+-------+---------+---------+-------
